 Dungeon Crawl Stone Soup version 0.29-a0-321-gf1c400731a (webtiles) character file.

Game seed: 940560434901026729

198 Morbidden the Stinger (level 5, -3/38 HPs)
             Began as a Demonspawn Venom Mage on Apr 4, 2022.
             Was an Initiate of Vehumet.
             Slain by an orc
             ... wielding a +0 flail
              (5 damage)
             ... on level 2 of the Dungeon.
             The game lasted 00:05:07 (4473 turns).

Morbidden the Stinger (Demonspawn Venom Mage)       Turns: 4473, Time: 00:05:08

Health: -3/38      AC:  2    Str:  8    XL:     5   Next: 47%
Magic:  1/9        EV: 16    Int: 18    God:    Vehumet [......]
Gold:   88         SH:  4    Dex: 14    Spells: 9/10 levels left

rFire   . . .      SeeInvis .   a - +2 short sword (freeze)
rCold   . . .      Faith    .   (no shield)
rNeg    . . .      Spirit   .   i - +0 robe
rPois   .          Reflect  .   (no helmet)
rElec   .          Harm     .   (no cloak)
rCorr   .          Rampage  .   (no gloves)
Will    .....                   (no boots)
Stlth   ++........              (no amulet)
HPRegen 0.12/turn               j - +4 ring of evasion
MPRegen 0.11/turn               (no ring)

@: no status effects
A: powered by death 1, condensation shield
a: Renounce Religion


You were on level 2 of the Dungeon.
You worshipped Vehumet.
Vehumet was noncommittal.
You visited 1 branch of the dungeon, and saw 3 of its levels.

You collected 88 gold pieces.

Inventory:

Hand Weapons
 a - a +2 short sword of freezing (weapon)
Missiles
 e - 3 boomerangs (quivered)
 g - 6 poisoned darts
Armour
 i - a +0 robe (worn)
Jewellery
 j - a +4 ring of evasion (left hand)
Scrolls
 c - a scroll of acquirement {unknown}
 f - a scroll of summoning {unknown}
 h - a scroll of silence {unknown}
 k - 2 scrolls of identify {unknown}
 l - 2 scrolls of teleportation {unknown}
 m - a scroll of enchant armour {unknown}
 n - 2 scrolls of vulnerability {unknown}
 p - a scroll of noise {unknown}
Potions
 b - 2 potions of magic
 d - a potion of invisibility {unknown}
 o - a potion of curing
 q - a potion of heal wounds {unknown}


   Skills:
 * Level 1.7 Fighting
 + Level 0.4 Throwing
 * Level 2.2 Dodging
 + Level 1.9 Stealth
 * Level 3.1 Spellcasting
 * Level 2.5 Transmutations
 * Level 3.9 Poison Magic


You had 9 spell levels left.
You knew the following spells:

 Your Spells              Type           Power      Damage    Failure   Level
a - Sting                 Tmut/Pois      56%        1d5       4%          1

Your spell library contained the following spells:

 Spells                   Type           Power      Damage    Failure   Level
 Poisonous Vapours        Pois/Air       18%        N/A       11%         2
 Mephitic Cloud           Conj/Pois/Air  7%         N/A       28%         3
 Olgreb's Toxic Radiance  Pois           17%        N/A       32%         4


Dungeon Overview and Level Annotations

Branches:
Dungeon (3/15)

Altars:
Elyvilon
Fedhas
Nemelex Xobeh
Vehumet
Xom
Zin

Annotations:
D:2 Sigmund


Innate Abilities, Weirdness & Mutations

You regenerate a little health from kills.
A meltable shield of frost defends you. (SH +4)


Message History

Vehumet accepts your kill. The orc attacks as you move away!
The orc misses you.
Casting: Sting (safe; 4% risk of failure)
Confirm with . or Enter, or press ? or * to list all spells.
Aiming: Sting (safe; 4% risk of failure)
Press: ? - help, Shift-Dir - straight line, f - orc
Aim: an orc, wielding a +0 flail and wearing a +0 chain mail (79% to hit)
The sting hits the orc.
The orc is poisoned.
The orc is heavily wounded.
The orc hits you with a +0 flail!
* * * LOW HITPOINT WARNING * * *
Unknown command.
Casting: Sting (safe; 4% risk of failure)
Confirm with . or Enter, or press ? or * to list all spells.
Aiming: Sting (safe; 4% risk of failure)
Press: ? - help, Shift-Dir - straight line, f/p - orc
Aim: an orc, wielding a +0 flail and wearing a +0 chain mail (moderately wounded, poisoned, 79% to hit)
The sting hits the orc but does no damage.
The orc looks even sicker.
The orc is moderately wounded.
The orc misses you.
Casting: Sting (safe; 4% risk of failure)
Confirm with . or Enter, or press ? or * to list all spells.
Aiming: Sting (safe; 4% risk of failure)
Press: ? - help, Shift-Dir - straight line, f/p - orc
Aim: an orc, wielding a +0 flail and wearing a +0 chain mail (moderately wounded, very poisoned, 79% to hit)
The sting hits the orc but does no damage.
The orc looks even sicker.
The orc is moderately wounded.
The orc closely misses you.
Casting: Sting (safe; 4% risk of failure)
Confirm with . or Enter, or press ? or * to list all spells.
Aiming: Sting (safe; 4% risk of failure)
Press: ? - help, Shift-Dir - straight line, f/p - orc
Aim: an orc, wielding a +0 flail and wearing a +0 chain mail (severely wounded, very poisoned, 79% to hit)
The sting hits the orc but does no damage.
The orc looks as sick as possible!
The orc is severely wounded.
The orc hits you with a +0 flail.
You die...

#......#...###.# #.^.........##.#
#.........>....#
#...........##.##
##......#.).##...##
#........#.##.....# ###
#..........###.).########..
#.#.#.##.#o# ##............
#>#.#..#.#@# #.#########..
#.#.##.#.#.# #.# ##. #........#.#
##'## #. ###.##.###.###...## #.
#........##...).## ##.
###..#####.......## ##..
##########...####.........####...
................'.........'......
##########.).####.........####...


You could see an orc (extremely poisoned).

Vanquished Creatures
  A howler monkey (D:3)
  Jessica (D:2)
  Terence (D:2)
  4 adders
  A gnoll (D:3)
  A dart slug (D:1)
  2 orcs
  4 endoplasms
  2 giant cockroaches
  6 goblins
  5 hobgoblins
  4 jackals (D:1)
  8 kobolds
  2 quokkas
  4 ball pythons
  8 bats
  3 frilled lizards
  2 rats (D:1)
59 creatures vanquished.

Notes
Turn   | Place    | Note
-------+----------+-------------------------------------------
     0 | D:1      | Morbidden the Demonspawn Venom Mage began the quest for the
                  | Orb.
     0 | D:1      | Reached XP level 1. HP: 13/13 MP: 3/3
   323 | D:1      | Reached skill level 1 in Transmutations
   388 | D:1      | Gained mutation: A meltable shield of frost defends you.
                  | (SH +4) [demonic ancestry]
   388 | D:1      | Reached XP level 2. HP: 11/19 MP: 0/5
  1702 | D:1      | Reached XP level 3. HP: 25/25 MP: 4/6
  1809 | D:2      | Found a sparkling altar of Nemelex Xobeh.
  1921 | D:2      | Noticed Jessica
  1924 | D:2      | Killed Jessica
  2157 | D:2      | Reached skill level 1 in Fighting
  2157 | D:2      | Gained mutation: You regenerate a little health from kills.
                  | [demonic ancestry]
  2157 | D:2      | Reached XP level 4. HP: 26/32 MP: 1/7
  2234 | D:2      | Found a faded altar of an unknown god.
  2774 | D:2      | Noticed Terence
  2805 | D:2      | Killed Terence
  3164 | D:2      | Noticed Sigmund
  3637 | D:3      | Found a blossoming altar of Fedhas.
  3749 | D:3      | Found a radiant altar of Vehumet.
  3782 | D:3      | Became a worshipper of Vehumet
  4018 | D:3      | Reached XP level 5. HP: 37/37 MP: 4/9
  4084 | D:3      | Found a shimmering altar of Xom.
  4087 | D:3      | Found an iron altar of Okawaru.
  4089 | D:3      | Found a shimmering altar of Xom.
  4089 | D:3      | Found a radiant altar of Vehumet.
  4473 | D:2      | Slain by an orc

Illustrated notes

Levels and vault maps discovered:
D:1:      dpeg_arrival_signposts, layout_basic,
          amcnicky_mini_rare_corridor_liquid
D:2:      layout_loops_corners, basic_altar, nicolae_ecumenical_oubliette,
          uniq_jessica, uniq_sigmund, uniq_terence
D:3:      minmay_evil_eye, layout_basic, doesnt_xom_only_xom,
          mainiacjoe_overflow_catwalk_spiral

Skill      XL: |  1  2  3  4  5 |
---------------+----------------+-----
Transmutations | 1 2 |  2.5
Dodging        | 2 |  2.2
Fighting       | 1 |  1.7
Spellcasting   | 3 |  3.1
Throwing       | |  0.4
Stealth        | |  1.9
Poison Magic   | |  3.9

Action                   |  1- 3 |  4- 6 || total
-------------------------+-------+-------++-------
Melee: Unarmed           |    10 |       ||    10
       Dagger            |     9 |    19 ||    28
Throw: Boomerang         |    26 |     2 ||    28
       Dart              |     8 |       ||     8
 Cast: Sting             |    49 |    74 ||   123
 Stab: Sleeping          |       |     2 ||     2
Armor: Robe              |    11 |     3 ||    14
Dodge: Dodged            |    60 |    53 ||   113
Block: Other             |     7 |    14 ||    21

Table legend: (Time is in decaauts)
 A = Elapsed time spent in this place.
 B = Non-inter-level travel time spent in this place.
 C = Inter-level travel time spent in this place.
 D = Time resting spent in this place.
 E = Time spent auto-exploring this place.
 F = Levels seen in this place.
 G = Mean time per level.
                   A        B        C        D        E       F      G
               +--------+--------+--------+--------+--------+-----+--------+
         Total |   4478 |   4401 |     77 |    550 |   3215 |   3 | 1492.7 |
       Dungeon |   4478 |   4401 |     77 |    550 |   3215 |   3 | 1492.7 |
               +--------+--------+--------+--------+--------+-----+--------+

Top non-repeatable levels by time:
     D:1: 1812 daAuts
     D:2: 1742 daAuts
     D:3: 923 daAuts
